Little Stars vs Rampage (R2)

Created - May 19, 2021 at 19:20

Goals
1 2 3 T
Little Stars 5 0 2 7
Rampage 1 2 2 5
Shots
1 2 3 T
Little Stars 15 5 9 29
Rampage 10 12 16 38

1st period

1. Rampage , Thomas Spelling 1 (Michael Stone 3, Damon Severson 1) at 3:04
2. Little Stars , Dana Tyrell 2 (Evgeny Kuznetsov 4) at 8:21
3. Little Stars , Roman Horak 1 (Anton Cederholm 3) at 10:36
4. Little Stars , Daniel O'regan 2 (Ilya Mikheyev 3) at 15:30 (PP)
5. Little Stars , Jesse Joensuu 2 (Tyler Wotherspoon 3, Dana Tyrell 3) at 16:19
6. Little Stars , Adam Tambellini 1 (Daniel O'regan 1, Jesse Joensuu 4) at 17:40

Penalties :
Evgeny Kuznetsov (Tex) for High sticking (Minor) at 10:59, Matthew Highmore (San) for Boarding (Minor) at 15:26, Max Friberg (San) for Roughing (Double Minor) at 18:24

2nd period

7. Rampage , Thomas Spelling 2 (Joe Morrow 2) at 6:46
8. Rampage , Victor Olofsson 1 (Joe Morrow 3, Fredrik Olofsson 2) at 16:13

Penalties :
Lawson Crouse (San) for Hooking (Minor) at 8:21, Daniel O'regan (Tex) for Hooking (Minor) at 12:03

3rd period

9. Rampage , Kyle Rau 2 (Max Friberg 3) at 2:12
10. Little Stars , Dana Tyrell 3 (Tyler Wotherspoon 4, Jesse Joensuu 5) at 3:40
11. Rampage , Anton Karlsson 2 (Cameron Darcy 1, Thomas Spelling 3) at 12:02
12. Little Stars , Scott Kosmachuck 1 (Jesse Joensuu 6, Tyler Wotherspoon 5) at 19:34 (Empty Net)

Penalties :
Lawson Crouse (San) for Interference (Minor) at 7:28, Michael Stone (San) for Holding (Minor) at 12:50

Goalie Stats

Connor Knapp (Tex), 33 saves from 38 shots - (0.868), W, 2-2-0, 60:00 minutes
Laurent Brossoit (San), 10 saves from 14 shots - (0.714), 16:19 minutes
Ebbe Siönäs (San), 12 saves from 14 shots - (0.857), L, 0-1-0, 42:59 minutes

Players Stats for Little Stars

Player Name              G  A  P  +/- PIM S  H  SB GA TA FO     MP     PP MP  PK MP  
------------------------------------------------------------------------------------
Adam Tambellini          1  0  1  -1  0   1  1  0  1  0  0/0    17:43   4:48   0:00 
Anton Cederholm          0  1  1   0  0   0  0  0  0  0  0/0    20:26   4:16   1:56 
Dana Tyrell              2  1  3   1  0   4  1  0  0  0  16/35  23:24   5:12   2:03 
Daniel O'regan           1  1  2  -1  2   2  1  0  0  0  7/12   17:56   4:48   0:40 
Eric Knodel              0  0  0   0  0   0  0  0  1  1  0/0    20:26   4:16   1:56 
Evgeny Kuznetsov         0  1  1   0  2   3  1  0  2  1  2/5    24:41   5:12   0:34 
Ilya Mikheyev            0  1  1  -1  0   1  1  0  1  0  0/0    17:15   4:48   0:00 
Jesse Joensuu            1  3  4   1  0   6  0  2  0  0  2/6    23:06   5:07   2:00 
Joakim Nygard            0  0  0   1  0   4  0  1  1  0  1/2    13:22   0:05   0:49 
Michael Mersch           0  0  0   0  0   0  1  0  0  0  0/0     5:02   0:00   0:00 
Patrick Wiercioch        0  0  0   2  0   2  2  1  1  2  0/0    28:57   5:44   2:02 
Reece Willcox            0  0  0  -1  0   0  4  1  0  0  0/0    10:37   0:00   0:00 
Roman Horak              1  0  1   1  0   3  3  1  0  0  4/7    14:04   0:00   0:41 
Scott Kosmachuck         1  0  1   1  0   1  0  0  1  0  0/0     2:06   0:00   1:09 
Sebastian Wannstrom      0  0  0   1  0   1  1  0  0  0  1/2    10:46   0:00   0:00 
Tucker Poolman           0  0  0  -1  0   0  1  2  0  0  0/0    10:37   0:00   0:00 
Tyler Wotherspoon        0  3  3   2  0   1  1  2  0  0  0/0    28:57   5:44   2:02 
Zach Budish              0  0  0   0  0   0  0  0  0  1  0/0     6:35   0:00   0:00 

Players Stats for Rampage

Player Name              G  A  P  +/- PIM S  H  SB GA TA FO     MP     PP MP  PK MP  
------------------------------------------------------------------------------------
Alexandre Grenier        0  0  0  -2  0   4  2  1  2  0  1/3    23:33   2:39   3:01 
Anton Karlsson           1  0  1   1  0   2  0  1  0  1  0/2    10:39   0:00   0:00 
Anton Lindholm           0  0  0   0  0   0  0  0  0  0  0/0    10:45   0:00   0:00 
Austin Wuthrich          0  0  0   0  0   0  0  0  0  0  0/0     0:00   0:00   0:00 
Blake Pietila            0  0  0  -2  0   4  2  0  0  1  0/1    23:55   2:39   4:44 
Cameron Darcy            0  1  1   1  0   0  1  0  0  0  3/6    11:06   0:00   0:00 
Damon Severson           0  1  1  -1  0   4  4  0  1  1  0/0    26:14   0:00   5:58 
Eric Robinson            0  0  0   0  0   0  0  0  0  0  0/0     0:35   0:00   0:35 
Fredrik Olofsson         0  1  1   0  0   0  1  0  0  0  1/1     6:09   0:00   0:00 
Jakub Zboril             0  0  0   0  0   0  0  0  0  0  0/0     1:01   0:00   0:49 
Jamie Oleksiak           0  0  0   0  0   1  0  1  0  0  0/0    11:54   1:55   0:00 
Jeffrey Foss             0  0  0  -1  0   2  4  0  0  1  0/0    20:48   2:03   4:23 
Joe Morrow               0  2  2   0  0   2  3  1  1  0  0/0    21:43   2:03   4:04 
Kevin Stenlund           0  0  0   0  0   0  0  0  0  0  0/0     0:00   0:00   0:00 
Kyle Rau                 1  0  1   0  0   1  0  0  0  0  4/11   12:53   1:19   0:28 
Lawson Crouse            0  0  0   0  4   2  2  0  0  0  0/0    15:12   1:19   1:34 
Martin Hanzal            0  0  0  -2  0   3  3  1  0  1  26/42  24:18   2:39   5:09 
Matthew Highmore         0  0  0   0  2   0  0  0  0  0  1/3     6:08   0:00   0:00 
Max Friberg              0  1  1   0  4   3  0  2  0  0  0/0    15:44   1:19   1:54 
Michael Stone            0  1  1   0  2   2  2  4  0  1  0/0    27:35   1:55   4:46 
Nolan Vesey              0  0  0   0  0   0  0  0  0  0  0/0     0:00   0:00   0:00 
Thomas Spelling          2  1  3   1  0   4  3  0  1  2  0/0    10:53   0:00   0:00 
Vaclav Karabacek         0  0  0   0  0   0  0  0  0  0  0/0     0:00   0:00   0:00 
Victor Olofsson          1  0  1   0  0   4  0  0  0  0  0/0     8:50   0:00   2:35 
Zachary Senyshyn         0  0  0   0  0   0  0  0  0  0  0/0     0:00   0:00   0:00 

3 Stars

1 - Dana Tyrell (Tex)
2 - Jesse Joensuu (Tex)
3 - Thomas Spelling (San)

Power Play

Little Stars - 1 on 6 Attempt(s) - 16.67%
Rampage - 0 on 2 Attempt(s) - 0.00%

Penalty Kill

Little Stars - 2 on 2 Attempt(s) - 100.00% - Score 0 goal in Penalty Kill
Rampage - 5 on 6 Attempt(s) - 83.33% - Score 0 goal in Penalty Kill

Team Stat

Little Stars - Hits : 18 - Faceoff Wins : 33 - Blocked Shots : 10 - Penalty Minutes : 4
Rampage - Hits : 27 - Faceoff Wins : 36 - Blocked Shots : 11 - Penalty Minutes : 12

Official

Referees : Unknown
Linesman : Unknown

Game Notes

Ebbe Siönäs enters game at 16:19 of 1st period
Scott Kosmachuck has scored in a empty net!

Finance

Level 1 -- Attendance: 1658 (82.90%) -- Ticket Income $66,320
Level 2 -- Attendance: 834 (83.40%) -- Ticket Income $16,680
Total Attendance: 2492 (83.07%)
Total Ticket Income: $83,000
Other Income: $4,150
Total Income: $87,150

Little Stars

5 vs 5 Forward 
   Center                   Left Wing                Right Wing               Time % Phy DF OF 
 1 Dana Tyrell              Jesse Joensuu            Evgeny Kuznetsov         40     1   2  2  
 2 Daniel O'regan           Adam Tambellini          Ilya Mikheyev            30     1   2  2  
 3 Roman Horak              Joakim Nygard            Sebastian Wannstrom      20     1   2  2  
 4 Evgeny Kuznetsov         Michael Mersch           Zach Budish              10     1   2  2  

5 vs 5 Defense 
   Defense                  Defense                                           Time % Phy DF OF 
 1 Tyler Wotherspoon        Patrick Wiercioch                                 40     1   2  2  
 2 Anton Cederholm          Eric Knodel                                       30     1   2  2  
 3 Tucker Poolman           Reece Willcox                                     20     1   2  2  
 4 Tyler Wotherspoon        Patrick Wiercioch                                 10     1   2  2  

PowerPlay Forward 
   Center                   Left Wing                Right Wing               Time % Phy DF OF 
 1 Dana Tyrell              Jesse Joensuu            Evgeny Kuznetsov         60     0   1  4  
 2 Daniel O'regan           Adam Tambellini          Ilya Mikheyev            40     0   2  3  

PowerPlay Defense
   Defense                  Defense                                           Time % Phy DF OF 
 1 Tyler Wotherspoon        Patrick Wiercioch                                 60     0   1  4  
 2 Anton Cederholm          Eric Knodel                                       40     0   1  4  

Penalty Kill 4 Players Forward 
   Center                   Wing                     Time % Phy DF OF 
 1 Dana Tyrell              Jesse Joensuu            60     0   3  2  
 2 Evgeny Kuznetsov         Scott Kosmachuck         40     0   3  2  

Penalty Kill 4 Players Defense
   Defense                  Defense                  Time % Phy DF OF 
 1 Tyler Wotherspoon        Patrick Wiercioch        60     0   3  2  
 2 Anton Cederholm          Eric Knodel              40     0   3  2  

Penalty Kill - 3 Players Forward 
   Forward                                           Time % Phy DF OF 
 1 Dana Tyrell                                       60     0   3  2  
 2 Evgeny Kuznetsov                                  40     0   3  2  

Penalty Kill - 3 Players Defense
   Defense                  Defense                  Time % Phy DF OF 
 1 Tyler Wotherspoon        Patrick Wiercioch        60     0   3  2  
 2 Anton Cederholm          Eric Knodel              40     0   3  2  

4 vs 4 Forward 
   Center                   Wing                     Time % Phy DF OF 
 1 Dana Tyrell              Jesse Joensuu            60     0   2  3  
 2 Evgeny Kuznetsov         Scott Kosmachuck         40     0   2  3  

4 vs 4 Defense
   Defense                  Defense                  Time % Phy DF OF 
 1 Tyler Wotherspoon        Patrick Wiercioch        60     0   2  3  
 2 Anton Cederholm          Eric Knodel              40     0   2  3  

Last Minutes Offensive
   Center                   Left Wing                Right Wing               Defense                  Defense                  
   Dana Tyrell              Jesse Joensuu            Scott Kosmachuck         Tyler Wotherspoon        Patrick Wiercioch        

Last Minutes Defensive
   Center                   Left Wing                Right Wing               Defense                  Defense                  
   Dana Tyrell              Jesse Joensuu            Scott Kosmachuck         Tyler Wotherspoon        Patrick Wiercioch        

Goaltenders
Starting : Connor Knapp             
Backup : Dustin Tokarski          

Extra Forwards
Normal : Evgeny Kuznetsov, Adam Tambellini, Daniel O'regan - PP : Joakim Nygard, Michael Mersch - PK : Daniel O'regan
Extra Defensemen
Normal : Tucker Poolman, Anton Cederholm, Eric Knodel - PP : Tucker Poolman - PK : Anton Cederholm, Eric Knodel
Penalty Shots
Dana Tyrell, Evgeny Kuznetsov, Jesse Joensuu, Scott Kosmachuck, Adam Tambellini

Scratches
Lawrence Pilut (Healthy), Justin Auger (Healthy), Rudolfs Balcers (Healthy), Yakov Trenin (Healthy), Jean-Christophe Beaudin (Healthy)
Ville Pokka (Healthy), Daniil Tarasov (Healthy), Jason Dickinson (Healthy), Emile Poirier (Healthy), Shane Gersich (Healthy)
Radel Fazleev (Healthy), Julien Nantel (Healthy), Peter Delmas (Healthy)

Rampage

5 vs 5 Forward 
   Center                   Left Wing                Right Wing               Time % Phy DF OF 
 1 Martin Hanzal            Blake Pietila            Alexandre Grenier        40     1   2  2  
 2 Kyle Rau                 Lawson Crouse            Max Friberg              30     1   2  2  
 3 Cameron Darcy            Anton Karlsson           Thomas Spelling          20     1   2  2  
 4 Matthew Highmore         Fredrik Olofsson         Victor Olofsson          10     1   2  2  

5 vs 5 Defense 
   Defense                  Defense                                           Time % Phy DF OF 
 1 Michael Stone            Damon Severson                                    40     1   2  2  
 2 Jeffrey Foss             Joe Morrow                                        30     1   2  2  
 3 Anton Lindholm           Jamie Oleksiak                                    20     1   2  2  
 4 Michael Stone            Damon Severson                                    10     1   2  2  

PowerPlay Forward 
   Center                   Left Wing                Right Wing               Time % Phy DF OF 
 1 Martin Hanzal            Blake Pietila            Alexandre Grenier        60     1   2  2  
 2 Kyle Rau                 Lawson Crouse            Max Friberg              40     1   2  2  

PowerPlay Defense
   Defense                  Defense                                           Time % Phy DF OF 
 1 Michael Stone            Jamie Oleksiak                                    60     1   2  2  
 2 Jeffrey Foss             Joe Morrow                                        40     1   2  2  

Penalty Kill 4 Players Forward 
   Center                   Wing                     Time % Phy DF OF 
 1 Martin Hanzal            Blake Pietila            60     1   2  2  
 2 Alexandre Grenier        Max Friberg              40     1   2  2  

Penalty Kill 4 Players Defense
   Defense                  Defense                  Time % Phy DF OF 
 1 Michael Stone            Damon Severson           60     1   2  2  
 2 Jeffrey Foss             Joe Morrow               40     1   2  2  

Penalty Kill - 3 Players Forward 
   Forward                                           Time % Phy DF OF 
 1 Martin Hanzal                                     60     1   2  2  
 2 Blake Pietila                                     40     1   2  2  

Penalty Kill - 3 Players Defense
   Defense                  Defense                  Time % Phy DF OF 
 1 Michael Stone            Jamie Oleksiak           60     1   2  2  
 2 Jeffrey Foss             Joe Morrow               40     1   2  2  

4 vs 4 Forward 
   Center                   Wing                     Time % Phy DF OF 
 1 Martin Hanzal            Blake Pietila            60     1   2  2  
 2 Alexandre Grenier        Max Friberg              40     1   2  2  

4 vs 4 Defense
   Defense                  Defense                  Time % Phy DF OF 
 1 Jamie Oleksiak           Damon Severson           60     1   2  2  
 2 Jeffrey Foss             Joe Morrow               40     1   2  2  

Last Minutes Offensive
   Center                   Left Wing                Right Wing               Defense                  Defense                  
   Martin Hanzal            Blake Pietila            Alexandre Grenier        Michael Stone            Damon Severson           

Last Minutes Defensive
   Center                   Left Wing                Right Wing               Defense                  Defense                  
   Martin Hanzal            Blake Pietila            Alexandre Grenier        Michael Stone            Damon Severson           

Goaltenders
Starting : Laurent Brossoit         
Backup : Ebbe Siönäs              

Extra Forwards
Normal : Cameron Darcy, Thomas Spelling, Victor Olofsson - PP : Cameron Darcy, Thomas Spelling - PK : Victor Olofsson
Extra Defensemen
Normal : Anton Lindholm, Joe Morrow, Jeffrey Foss - PP : Anton Lindholm - PK : Joe Morrow, Jeffrey Foss
Penalty Shots
Martin Hanzal, Blake Pietila, Alexandre Grenier, Max Friberg, Kyle Rau

Scratches
Louis Belpedio (Healthy), Kyle Pettit (Healthy), Dylan Sadowy (Healthy)

% Time on Ice - Little Stars

Lines # - Real PCT - Wanted PCT - Time Play
Normal Forward
1 - 34% - 40% - 15:34
2 - 31% - 30% - 14:05
3 - 24% - 20% - 10:46
4 - 11% - 10% - 5:02
Normal Defense
1 - 41% - 40% - 18:29
2 - 31% - 30% - 14:14
3 - 23% - 20% - 10:37
4 - 5% - 10% - 2:07
PP Forward
1 - 52% - 60% - 5:12
2 - 48% - 40% - 4:48
PP Defense
1 - 57% - 60% - 5:44
2 - 43% - 40% - 4:16
PK Forward
1 - 71% - 60% - 2:49
2 - 29% - 40% - 1:09
PK Defense
1 - 51% - 60% - 2:02
2 - 49% - 40% - 1:56
PK3 Forward
1 - 0% - 60%
2 - 0% - 40%
PK3 Defense
1 - 0% - 60%
2 - 0% - 40%
44 Forward
1 - 0% - 60%
2 - 0% - 40%
44 Defense
1 - 0% - 60%
2 - 0% - 40%
Last Minute Offensive  - 0:00
Last Minute Defensive  - 0:35
Total
Forward - 60:00
Defense - 60:00

% Time on Ice - Rampage

Lines # - Real PCT - Wanted PCT - Time Play
Normal Forward
1 - 35% - 40% - 16:00
2 - 28% - 30% - 12:27
3 - 24% - 20% - 10:39
4 - 14% - 10% - 6:09
Normal Defense
1 - 42% - 40% - 19:06
2 - 30% - 30% - 13:26
3 - 22% - 20% - 9:49
4 - 6% - 10% - 2:54
PP Forward
1 - 67% - 60% - 2:39
2 - 33% - 40% - 1:19
PP Defense
1 - 48% - 60% - 1:55
2 - 52% - 40% - 2:03
PK Forward
1 - 70% - 60% - 6:59
2 - 30% - 40% - 3:01
PK Defense
1 - 61% - 60% - 6:06
2 - 39% - 40% - 3:54
PK3 Forward
1 - 0% - 60%
2 - 0% - 40%
PK3 Defense
1 - 0% - 60%
2 - 0% - 40%
44 Forward
1 - 0% - 60%
2 - 0% - 40%
44 Defense
1 - 0% - 60%
2 - 0% - 40%
Last Minute Offensive  - 0:47
Last Minute Defensive  - 0:00
Total
Forward - 60:00
Defense - 60:00

Play-by-Play

1st period


0:01 of 1st period - Martin Hanzal wins face-off versus Evgeny Kuznetsov in neutral zone.
0:06 of 1st period - Slapshot by Damon Severson.
0:06 of 1st period - Stopped by Connor Knapp with a rebound.
0:26 of 1st period - Ilya Mikheyev is hit by Michael Stone and loses puck.
0:49 of 1st period - Wrist shot by Anton Karlsson.
0:49 of 1st period - Shot Blocked by Joakim Nygard.
0:51 of 1st period - Snap shot by Anton Lindholm.
0:51 of 1st period - Shot Blocked by Patrick Wiercioch.
1:13 of 1st period - Evgeny Kuznetsov is hit by Fredrik Olofsson and loses puck.
1:34 of 1st period - Wrist shot by Martin Hanzal.
1:34 of 1st period - Shot Blocked by Reece Willcox.
1:36 of 1st period - Snap shot by Martin Hanzal.
1:36 of 1st period - Deflect By Blake Pietila.
1:36 of 1st period - Shot Blocked by Tucker Poolman.
1:36 of 1st period - Puck is out of play.
1:37 of 1st period - Martin Hanzal wins face-off versus Dana Tyrell in Little Stars zone.
2:01 of 1st period - Snap shot by Martin Hanzal.
2:01 of 1st period - Shot Misses the Net.
2:25 of 1st period - Reece Willcox is hit by Joe Morrow and loses puck.
2:46 of 1st period - Snap shot by Evgeny Kuznetsov.
2:46 of 1st period - Stopped by Laurent Brossoit without a rebound.
2:47 of 1st period - Dana Tyrell wins face-off versus Anton Karlsson in Rampage zone.
3:02 of 1st period - Snap shot by Thomas Spelling.
3:02 of 1st period - Shot Blocked by Jesse Joensuu.
3:04 of 1st period - Slapshot by Thomas Spelling.
3:04 of 1st period - Goal by Thomas Spelling - Little Stars : 0 - Rampage : 1.
3:05 of 1st period - Dana Tyrell wins face-off versus Kyle Rau in neutral zone.
3:12 of 1st period - Snap shot by Evgeny Kuznetsov.
3:12 of 1st period - Shot Misses the Net.
3:14 of 1st period - Backhand shot by Patrick Wiercioch.
3:14 of 1st period - Stopped by Laurent Brossoit without a rebound.
3:15 of 1st period - Kyle Rau wins face-off versus Dana Tyrell in Rampage zone.
4:15 of 1st period - Wrist shot by Jesse Joensuu.
4:15 of 1st period - Stopped by Laurent Brossoit with a rebound.
4:17 of 1st period - Slapshot by Tyler Wotherspoon.
4:17 of 1st period - Deflect By Dana Tyrell.
4:17 of 1st period - Stopped by Laurent Brossoit with a rebound.
4:19 of 1st period - Slapshot by Jesse Joensuu.
4:19 of 1st period - Stopped by Laurent Brossoit without a rebound.
4:20 of 1st period - Daniel O'regan wins face-off versus Martin Hanzal in Rampage zone.
4:37 of 1st period - Snap shot by Alexandre Grenier.
4:37 of 1st period - Shot Misses the Net.
4:43 of 1st period - Ilya Mikheyev is hit by Joe Morrow and loses puck.
4:58 of 1st period - Snap shot by Blake Pietila.
4:58 of 1st period - Stopped by Connor Knapp without a rebound.
4:59 of 1st period - Roman Horak wins face-off versus Matthew Highmore in Little Stars zone.
5:10 of 1st period - Matthew Highmore is hit by Reece Willcox and loses puck.
5:25 of 1st period - Evgeny Kuznetsov is hit by Thomas Spelling and loses puck.
5:40 of 1st period - Wrist shot by Alexandre Grenier.
5:40 of 1st period - Stopped by Connor Knapp without a rebound.
5:41 of 1st period - Daniel O'regan wins face-off versus Martin Hanzal in Little Stars zone.
5:50 of 1st period - Anton Cederholm is hit by Michael Stone and loses puck.
6:01 of 1st period - Blake Pietila is hit by Roman Horak and loses puck.
6:08 of 1st period - Roman Horak is hit by Damon Severson and loses puck.
6:21 of 1st period - Snap shot by Martin Hanzal.
6:21 of 1st period - Stopped by Connor Knapp with a rebound.
7:05 of 1st period - Tyler Wotherspoon is hit by Damon Severson and loses puck.
7:47 of 1st period - Slapshot by Damon Severson.
7:47 of 1st period - Shot Blocked by Tucker Poolman.
7:49 of 1st period - Backhand shot by Anton Karlsson.
7:49 of 1st period - Stopped by Connor Knapp without a rebound.
7:50 of 1st period - Cameron Darcy wins face-off versus Roman Horak in Little Stars zone.
7:59 of 1st period - Wrist shot by Sebastian Wannstrom.
7:59 of 1st period - Stopped by Laurent Brossoit without a rebound.
8:00 of 1st period - Martin Hanzal wins face-off versus Roman Horak in Rampage zone.
8:15 of 1st period - Wrist shot by Blake Pietila.
8:15 of 1st period - Deflect By Martin Hanzal.
8:15 of 1st period - Shot Misses the Net.
8:15 of 1st period - Puck is out of play.
8:16 of 1st period - Dana Tyrell wins face-off versus Kyle Rau in Little Stars zone.
8:21 of 1st period - Snap shot by Dana Tyrell.
8:21 of 1st period - Goal by Dana Tyrell - Little Stars : 1 - Rampage : 1.
8:22 of 1st period - Dana Tyrell wins face-off versus Martin Hanzal in neutral zone.
8:49 of 1st period - Patrick Wiercioch is hit by Joe Morrow and loses puck.
9:16 of 1st period - Snap shot by Max Friberg.
9:16 of 1st period - Stopped by Connor Knapp without a rebound.
9:17 of 1st period - Dana Tyrell wins face-off versus Martin Hanzal in Little Stars zone.
9:54 of 1st period - Snap shot by Daniel O'regan.
9:54 of 1st period - Stopped by Laurent Brossoit with a rebound.
9:56 of 1st period - Snap shot by Daniel O'regan.
9:56 of 1st period - Shot Blocked by Michael Stone.
10:16 of 1st period - Wrist shot by Victor Olofsson.
10:16 of 1st period - Shot Misses the Net.
10:34 of 1st period - Wrist shot by Roman Horak.
10:34 of 1st period - Stopped by Laurent Brossoit with a rebound.
10:36 of 1st period - Snap shot by Roman Horak.
10:36 of 1st period - Goal by Roman Horak - Little Stars : 2 - Rampage : 1.
10:37 of 1st period - Martin Hanzal wins face-off versus Dana Tyrell in neutral zone.
10:39 of 1st period - Off-side.
10:40 of 1st period - Martin Hanzal wins face-off versus Dana Tyrell in neutral zone.
10:49 of 1st period - Backhand shot by Jesse Joensuu.
10:49 of 1st period - Deflect By Evgeny Kuznetsov.
10:49 of 1st period - Shot Hit the Post.
10:49 of 1st period - Puck is out of play.
10:50 of 1st period - Martin Hanzal wins face-off versus Jesse Joensuu in Rampage zone.
10:50 of 1st period - Martin Hanzal is hit by Dana Tyrell.
10:59 of 1st period - Minor Penalty to Evgeny Kuznetsov for High sticking.
11:00 of 1st period - Jesse Joensuu wins face-off versus Martin Hanzal in Little Stars zone.
11:32 of 1st period - Slapshot by Kyle Rau.
11:32 of 1st period - Shot Hit the Post.
11:34 of 1st period - Slapshot by Michael Stone.
11:34 of 1st period - Deflect By Lawson Crouse.
11:34 of 1st period - Stopped by Connor Knapp with a rebound.
12:22 of 1st period - Anton Cederholm is hit by Martin Hanzal and loses puck.
12:59 of 1st period - Penalty to Evgeny Kuznetsov is over, Evgeny Kuznetsov is back on ice.
13:34 of 1st period - Tucker Poolman is hit by Jeffrey Foss.
13:54 of 1st period - Evgeny Kuznetsov is hit by Jeffrey Foss and loses puck.
15:26 of 1st period - Minor Penalty to Matthew Highmore for Boarding.
15:27 of 1st period - Daniel O'regan wins face-off versus Martin Hanzal in Rampage zone.
15:28 of 1st period - Snap shot by Ilya Mikheyev.
15:28 of 1st period - Shot Misses the Net.
15:30 of 1st period - Snap shot by Daniel O'regan.
15:30 of 1st period - Goal by Daniel O'regan - Little Stars : 3 - Rampage : 1.
15:31 of 1st period - Dana Tyrell wins face-off versus Martin Hanzal in neutral zone.
16:11 of 1st period - Snap shot by Dana Tyrell.
16:11 of 1st period - Shot Misses the Net.
16:13 of 1st period - Slapshot by Tyler Wotherspoon.
16:13 of 1st period - Stopped by Laurent Brossoit with a rebound.
16:15 of 1st period - Slapshot by Tyler Wotherspoon.
16:15 of 1st period - Shot Misses the Net.
16:17 of 1st period - Slapshot by Jesse Joensuu.
16:17 of 1st period - Stopped by Laurent Brossoit with a rebound.
16:19 of 1st period - Snap shot by Jesse Joensuu.
16:19 of 1st period - Goal by Jesse Joensuu - Little Stars : 4 - Rampage : 1.
16:19 of 1st period - Ebbe Siönäs enters game.
16:20 of 1st period - Martin Hanzal wins face-off versus Daniel O'regan in neutral zone.
17:01 of 1st period - Slapshot by Damon Severson.
17:01 of 1st period - Stopped by Connor Knapp with a rebound.
17:03 of 1st period - Snap shot by Max Friberg.
17:03 of 1st period - Stopped by Connor Knapp with a rebound.
17:22 of 1st period - Snap shot by Jesse Joensuu.
17:22 of 1st period - Shot Misses the Net.
17:40 of 1st period - Wrist shot by Adam Tambellini.
17:40 of 1st period - Goal by Adam Tambellini - Little Stars : 5 - Rampage : 1.
17:41 of 1st period - Martin Hanzal wins face-off versus Dana Tyrell in neutral zone.
18:17 of 1st period - Off-side.
18:18 of 1st period - Daniel O'regan wins face-off versus Kyle Rau in neutral zone.
18:24 of 1st period - Double Minor Penalty to Max Friberg for Roughing.
18:25 of 1st period - Martin Hanzal wins face-off versus Dana Tyrell in Rampage zone.
Goals for this period are 5 for Little Stars vs 1 for Rampage.
Shots for this period are 15 for Little Stars vs 10 for Rampage.

2nd period


0:01 of 2nd period - Martin Hanzal wins face-off versus Dana Tyrell in neutral zone.
0:04 of 2nd period - Slapshot by Michael Stone.
0:04 of 2nd period - Stopped by Connor Knapp without a rebound.
0:05 of 2nd period - Dana Tyrell wins face-off versus Blake Pietila in Little Stars zone.
0:16 of 2nd period - Snap shot by Jesse Joensuu.
0:16 of 2nd period - Shot Blocked by Michael Stone.
0:38 of 2nd period - Wrist shot by Daniel O'regan.
0:38 of 2nd period - Shot Misses the Net.
0:40 of 2nd period - Snap shot by Ilya Mikheyev.
0:40 of 2nd period - Shot Misses the Net.
1:00 of 2nd period - Eric Knodel is hit by Jeffrey Foss and loses puck.
1:29 of 2nd period - Evgeny Kuznetsov is hit by Alexandre Grenier and loses puck.
2:08 of 2nd period - Patrick Wiercioch is hit by Damon Severson and loses puck.
2:15 of 2nd period - Lawson Crouse is hit by Tyler Wotherspoon and loses puck.
2:24 of 2nd period - Penalty to Max Friberg is over, Max Friberg is back on ice.
2:32 of 2nd period - Max Friberg is hit by Sebastian Wannstrom and loses puck.
2:59 of 2nd period - Alexandre Grenier is hit by Roman Horak and loses puck.
3:26 of 2nd period - Slapshot by Michael Stone.
3:26 of 2nd period - Shot Blocked by Roman Horak.
3:28 of 2nd period - Slapshot by Jamie Oleksiak.
3:28 of 2nd period - Stopped by Connor Knapp with a rebound.
3:30 of 2nd period - Slapshot by Anton Lindholm.
3:30 of 2nd period - Shot Misses the Net.
3:32 of 2nd period - Snap shot by Victor Olofsson.
3:32 of 2nd period - Stopped by Connor Knapp without a rebound.
3:33 of 2nd period - Sebastian Wannstrom wins face-off versus Matthew Highmore in Little Stars zone.
3:38 of 2nd period - Jamie Oleksiak is hit by Tucker Poolman and loses puck.
6:02 of 2nd period - Snap shot by Joakim Nygard.
6:02 of 2nd period - Stopped by Ebbe Siönäs without a rebound.
6:03 of 2nd period - Roman Horak wins face-off versus Cameron Darcy in Rampage zone.
6:04 of 2nd period - Snap shot by Joakim Nygard.
6:04 of 2nd period - Shot Blocked by Joe Morrow.
6:12 of 2nd period - Joakim Nygard is hit by Jeffrey Foss and loses puck.
6:33 of 2nd period - Snap shot by Daniel O'regan.
6:33 of 2nd period - Shot Misses the Net.
6:39 of 2nd period - Tyler Wotherspoon is hit by Thomas Spelling and loses puck.
6:46 of 2nd period - Wrist shot by Thomas Spelling.
6:46 of 2nd period - Goal by Thomas Spelling - Little Stars : 5 - Rampage : 2.
6:47 of 2nd period - Dana Tyrell wins face-off versus Alexandre Grenier in neutral zone.
6:52 of 2nd period - Wrist shot by Jesse Joensuu.
6:52 of 2nd period - Shot Misses the Net.
7:13 of 2nd period - Ilya Mikheyev is hit by Lawson Crouse.
7:17 of 2nd period - Max Friberg is hit by Adam Tambellini and loses puck.
7:42 of 2nd period - Snap shot by Thomas Spelling.
7:42 of 2nd period - Shot Blocked by Tyler Wotherspoon.
7:58 of 2nd period - Snap shot by Damon Severson.
7:58 of 2nd period - Shot Misses the Net.
8:00 of 2nd period - Slapshot by Michael Stone.
8:00 of 2nd period - Deflect By Victor Olofsson.
8:00 of 2nd period - Stopped by Connor Knapp without a rebound.
8:01 of 2nd period - Dana Tyrell wins face-off versus Martin Hanzal in Little Stars zone.
8:01 of 2nd period - Dana Tyrell is hit by Alexandre Grenier.
8:12 of 2nd period - Snap shot by Jesse Joensuu.
8:12 of 2nd period - Shot Misses the Net.
8:14 of 2nd period - Snap shot by Jesse Joensuu.
8:14 of 2nd period - Shot Misses the Net.
8:16 of 2nd period - Wrist shot by Dana Tyrell.
8:16 of 2nd period - Deflect By Jesse Joensuu.
8:16 of 2nd period - Shot Misses the Net.
8:16 of 2nd period - Puck is out of play.
8:17 of 2nd period - Daniel O'regan wins face-off versus Kyle Rau in Rampage zone.
8:21 of 2nd period - Minor Penalty to Lawson Crouse for Hooking.
8:22 of 2nd period - Martin Hanzal wins face-off versus Jesse Joensuu in Rampage zone.
9:58 of 2nd period - Evgeny Kuznetsov is hit by Damon Severson and loses puck.
10:21 of 2nd period - Penalty to Lawson Crouse is over, Lawson Crouse is back on ice.
10:35 of 2nd period - Wrist shot by Roman Horak.
10:35 of 2nd period - Shot Blocked by Max Friberg.
10:37 of 2nd period - Snap shot by Reece Willcox.
10:37 of 2nd period - Shot Blocked by Alexandre Grenier.
10:49 of 2nd period - Slapshot by Joe Morrow.
10:49 of 2nd period - Deflect By Thomas Spelling.
10:49 of 2nd period - Shot Misses the Net.
10:49 of 2nd period - Puck is out of play.
10:50 of 2nd period - Evgeny Kuznetsov wins face-off versus Cameron Darcy in Little Stars zone.
10:50 of 2nd period - Evgeny Kuznetsov is hit by Thomas Spelling.
10:58 of 2nd period - Wrist shot by Evgeny Kuznetsov.
10:58 of 2nd period - Stopped by Ebbe Siönäs with a rebound.
11:07 of 2nd period - Off-side.
11:08 of 2nd period - Martin Hanzal wins face-off versus Sebastian Wannstrom in neutral zone.
11:35 of 2nd period - Slapshot by Ilya Mikheyev.
11:35 of 2nd period - Stopped by Ebbe Siönäs without a rebound.
11:36 of 2nd period - Kyle Rau wins face-off versus Daniel O'regan in Rampage zone.
11:42 of 2nd period - Icing by Max Friberg.
11:43 of 2nd period - Kyle Rau wins face-off versus Dana Tyrell in Rampage zone.
12:00 of 2nd period - Wrist shot by Max Friberg.
12:00 of 2nd period - Stopped by Connor Knapp without a rebound.
12:01 of 2nd period - Martin Hanzal wins face-off versus Daniel O'regan in Little Stars zone.
12:03 of 2nd period - Minor Penalty to Daniel O'regan for Hooking.
12:04 of 2nd period - Martin Hanzal wins face-off versus Dana Tyrell in Little Stars zone.
12:04 of 2nd period - Slapshot by Alexandre Grenier.
12:04 of 2nd period - Deflect By Martin Hanzal.
12:04 of 2nd period - Stopped by Connor Knapp without a rebound.
12:05 of 2nd period - Alexandre Grenier wins face-off versus Dana Tyrell in Little Stars zone.
13:10 of 2nd period - Icing by Blake Pietila.
13:11 of 2nd period - Roman Horak wins face-off versus Martin Hanzal in Rampage zone.
13:14 of 2nd period - Snap shot by Joakim Nygard.
13:14 of 2nd period - Shot Blocked by Martin Hanzal.
14:03 of 2nd period - Penalty to Daniel O'regan is over, Daniel O'regan is back on ice.
14:07 of 2nd period - Jesse Joensuu is hit by Blake Pietila.
14:13 of 2nd period - Snap shot by Blake Pietila.
14:13 of 2nd period - Stopped by Connor Knapp without a rebound.
14:14 of 2nd period - Kyle Rau wins face-off versus Daniel O'regan in Little Stars zone.
14:27 of 2nd period - Slapshot by Damon Severson.
14:27 of 2nd period - Deflect By Lawson Crouse.
14:27 of 2nd period - Stopped by Connor Knapp with a rebound.
14:29 of 2nd period - Slapshot by Michael Stone.
14:29 of 2nd period - Stopped by Connor Knapp with a rebound.
14:36 of 2nd period - Icing by Patrick Wiercioch.
14:37 of 2nd period - Joakim Nygard wins face-off versus Cameron Darcy in Little Stars zone.
14:43 of 2nd period - Icing by Thomas Spelling.
14:44 of 2nd period - Roman Horak wins face-off versus Anton Karlsson in Rampage zone.
14:47 of 2nd period - Snap shot by Joakim Nygard.
14:47 of 2nd period - Shot Blocked by Jamie Oleksiak.
15:12 of 2nd period - Off-side.
15:13 of 2nd period - Martin Hanzal wins face-off versus Jesse Joensuu in neutral zone.
15:18 of 2nd period - Wrist shot by Alexandre Grenier.
15:18 of 2nd period - Shot Misses the Net.
16:03 of 2nd period - Backhand shot by Victor Olofsson.
16:03 of 2nd period - Stopped by Connor Knapp without a rebound.
16:04 of 2nd period - Fredrik Olofsson wins face-off versus Dana Tyrell in Little Stars zone.
16:13 of 2nd period - Wrist shot by Victor Olofsson.
16:13 of 2nd period - Goal by Victor Olofsson - Little Stars : 5 - Rampage : 3.
16:14 of 2nd period - Martin Hanzal wins face-off versus Dana Tyrell in neutral zone.
17:04 of 2nd period - Snap shot by Sebastian Wannstrom.
17:04 of 2nd period - Shot Blocked by Anton Karlsson.
17:06 of 2nd period - Snap shot by Joakim Nygard.
17:06 of 2nd period - Deflect By Anton Karlsson.
17:06 of 2nd period - Stopped by Ebbe Siönäs without a rebound.
17:07 of 2nd period - Dana Tyrell wins face-off versus Martin Hanzal in Rampage zone.
17:57 of 2nd period - Thomas Spelling is hit by Michael Mersch.
18:01 of 2nd period - Snap shot by Evgeny Kuznetsov.
18:01 of 2nd period - Stopped by Ebbe Siönäs with a rebound.
18:15 of 2nd period - Fredrik Olofsson is hit by Roman Horak and loses puck.
18:48 of 2nd period - Alexandre Grenier is hit by Ilya Mikheyev and loses puck.
18:58 of 2nd period - Off-side.
18:59 of 2nd period - Dana Tyrell wins face-off versus Kyle Rau in neutral zone.
19:13 of 2nd period - Kyle Rau is hit by Reece Willcox and loses puck.
19:51 of 2nd period - Thomas Spelling is hit by Patrick Wiercioch and loses puck.
Goals for this period are 0 for Little Stars vs 2 for Rampage.
Shots for this period are 5 for Little Stars vs 12 for Rampage.

3rd period


0:01 of 3rd period - Martin Hanzal wins face-off versus Dana Tyrell in neutral zone.
0:12 of 3rd period - Slapshot by Martin Hanzal.
0:12 of 3rd period - Deflect By Blake Pietila.
0:12 of 3rd period - Shot Misses the Net.
0:12 of 3rd period - Puck is out of play.
0:13 of 3rd period - Dana Tyrell wins face-off versus Martin Hanzal in Little Stars zone.
0:26 of 3rd period - Snap shot by Jesse Joensuu.
0:26 of 3rd period - Stopped by Ebbe Siönäs with a rebound.
0:28 of 3rd period - Snap shot by Evgeny Kuznetsov.
0:28 of 3rd period - Shot Blocked by Michael Stone.
0:56 of 3rd period - Icing by Patrick Wiercioch.
0:57 of 3rd period - Cameron Darcy wins face-off versus Evgeny Kuznetsov in Little Stars zone.
1:12 of 3rd period - Wrist shot by Thomas Spelling.
1:12 of 3rd period - Stopped by Connor Knapp without a rebound.
1:13 of 3rd period - Martin Hanzal wins face-off versus Dana Tyrell in Little Stars zone.
1:26 of 3rd period - Backhand shot by Blake Pietila.
1:26 of 3rd period - Deflect By Martin Hanzal.
1:26 of 3rd period - Shot Misses the Net.
1:26 of 3rd period - Puck is out of play.
1:27 of 3rd period - Martin Hanzal wins face-off versus Dana Tyrell in Little Stars zone.
1:36 of 3rd period - Slapshot by Jesse Joensuu.
1:36 of 3rd period - Stopped by Ebbe Siönäs without a rebound.
1:37 of 3rd period - Evgeny Kuznetsov wins face-off versus Martin Hanzal in Rampage zone.
1:44 of 3rd period - Snap shot by Dana Tyrell.
1:44 of 3rd period - Deflect By Jesse Joensuu.
1:44 of 3rd period - Shot Misses the Net.
1:44 of 3rd period - Puck is out of play.
1:45 of 3rd period - Dana Tyrell wins face-off versus Martin Hanzal in Rampage zone.
1:56 of 3rd period - Slapshot by Blake Pietila.
1:56 of 3rd period - Shot Misses the Net.
1:58 of 3rd period - Snap shot by Blake Pietila.
1:58 of 3rd period - Stopped by Connor Knapp with a rebound.
2:00 of 3rd period - Slapshot by Damon Severson.
2:00 of 3rd period - Stopped by Connor Knapp with a rebound.
2:02 of 3rd period - Slapshot by Damon Severson.
2:02 of 3rd period - Stopped by Connor Knapp without a rebound.
2:03 of 3rd period - Daniel O'regan wins face-off versus Kyle Rau in Little Stars zone.
2:12 of 3rd period - Snap shot by Kyle Rau.
2:12 of 3rd period - Goal by Kyle Rau - Little Stars : 5 - Rampage : 4.
2:13 of 3rd period - Dana Tyrell wins face-off versus Alexandre Grenier in neutral zone.
2:18 of 3rd period - Snap shot by Dana Tyrell.
2:18 of 3rd period - Stopped by Ebbe Siönäs with a rebound.
2:22 of 3rd period - Wrist shot by Dana Tyrell.
2:22 of 3rd period - Shot Misses the Net.
2:24 of 3rd period - Wrist shot by Patrick Wiercioch.
2:24 of 3rd period - Deflect By Blake Pietila.
2:24 of 3rd period - Stopped by Ebbe Siönäs without a rebound.
2:25 of 3rd period - Dana Tyrell wins face-off versus Martin Hanzal in Rampage zone.
2:32 of 3rd period - Tyler Wotherspoon is hit by Martin Hanzal and loses puck.
3:24 of 3rd period - Icing by Eric Knodel.
3:25 of 3rd period - Martin Hanzal wins face-off versus Joakim Nygard in Little Stars zone.
3:26 of 3rd period - Snap shot by Alexandre Grenier.
3:26 of 3rd period - Stopped by Connor Knapp without a rebound.
3:27 of 3rd period - Jesse Joensuu wins face-off versus Martin Hanzal in Little Stars zone.
3:38 of 3rd period - Snap shot by Dana Tyrell.
3:38 of 3rd period - Shot Misses the Net.
3:40 of 3rd period - Slapshot by Dana Tyrell.
3:40 of 3rd period - Goal by Dana Tyrell - Little Stars : 6 - Rampage : 4.
3:41 of 3rd period - Dana Tyrell wins face-off versus Martin Hanzal in neutral zone.
3:48 of 3rd period - Slapshot by Alexandre Grenier.
3:48 of 3rd period - Stopped by Connor Knapp without a rebound.
3:49 of 3rd period - Martin Hanzal wins face-off versus Jesse Joensuu in Little Stars zone.
3:52 of 3rd period - Snap shot by Martin Hanzal.
3:52 of 3rd period - Stopped by Connor Knapp with a rebound.
3:54 of 3rd period - Slapshot by Jeffrey Foss.
3:54 of 3rd period - Stopped by Connor Knapp with a rebound.
3:58 of 3rd period - Snap shot by Blake Pietila.
3:58 of 3rd period - Stopped by Connor Knapp with a rebound.
4:00 of 3rd period - Wrist shot by Jeffrey Foss.
4:00 of 3rd period - Stopped by Connor Knapp with a rebound.
4:10 of 3rd period - Wrist shot by Dana Tyrell.
4:10 of 3rd period - Shot Misses the Net.
4:57 of 3rd period - Snap shot by Blake Pietila.
4:57 of 3rd period - Shot Blocked by Jesse Joensuu.
4:59 of 3rd period - Snap shot by Martin Hanzal.
4:59 of 3rd period - Shot Blocked by Tyler Wotherspoon.
5:01 of 3rd period - Slapshot by Joe Morrow.
5:01 of 3rd period - Stopped by Connor Knapp without a rebound.
5:02 of 3rd period - Daniel O'regan wins face-off versus Kyle Rau in Little Stars zone.
5:35 of 3rd period - Snap shot by Joakim Nygard.
5:35 of 3rd period - Stopped by Ebbe Siönäs with a rebound.
5:37 of 3rd period - Snap shot by Roman Horak.
5:37 of 3rd period - Stopped by Ebbe Siönäs with a rebound.
6:41 of 3rd period - Lawson Crouse is hit by Reece Willcox and loses puck.
6:57 of 3rd period - Icing by Anton Karlsson.
6:58 of 3rd period - Martin Hanzal wins face-off versus Dana Tyrell in Rampage zone.
7:05 of 3rd period - Wrist shot by Alexandre Grenier.
7:05 of 3rd period - Stopped by Connor Knapp with a rebound.
7:23 of 3rd period - Backhand shot by Joe Morrow.
7:23 of 3rd period - Stopped by Connor Knapp with a rebound.
7:28 of 3rd period - Minor Penalty to Lawson Crouse for Interference.
7:29 of 3rd period - Martin Hanzal wins face-off versus Dana Tyrell in Rampage zone.
9:28 of 3rd period - Penalty to Lawson Crouse is over, Lawson Crouse is back on ice.
9:50 of 3rd period - Tucker Poolman is hit by Cameron Darcy and loses puck.
10:50 of 3rd period - Roman Horak is hit by Blake Pietila.
11:18 of 3rd period - Daniel O'regan is hit by Lawson Crouse and loses puck.
11:54 of 3rd period - Icing by Jesse Joensuu.
11:55 of 3rd period - Cameron Darcy wins face-off versus Dana Tyrell in Little Stars zone.
12:00 of 3rd period - Wrist shot by Thomas Spelling.
12:00 of 3rd period - Stopped by Connor Knapp with a rebound.
12:02 of 3rd period - Snap shot by Cameron Darcy.
12:02 of 3rd period - Deflect By Anton Karlsson.
12:02 of 3rd period - Goal by Anton Karlsson - Little Stars : 6 - Rampage : 5.
12:03 of 3rd period - Martin Hanzal wins face-off versus Daniel O'regan in neutral zone.
12:42 of 3rd period - Wrist shot by Joakim Nygard.
12:42 of 3rd period - Stopped by Ebbe Siönäs with a rebound.
12:44 of 3rd period - Wrist shot by Sebastian Wannstrom.
12:44 of 3rd period - Shot Blocked by Michael Stone.
12:50 of 3rd period - Minor Penalty to Michael Stone for Holding.
12:51 of 3rd period - Martin Hanzal wins face-off versus Dana Tyrell in Rampage zone.
13:18 of 3rd period - Slapshot by Jesse Joensuu.
13:18 of 3rd period - Shot Blocked by Max Friberg.
14:50 of 3rd period - Penalty to Michael Stone is over, Michael Stone is back on ice.
14:57 of 3rd period - Cameron Darcy is hit by Reece Willcox and loses puck.
15:25 of 3rd period - Jamie Oleksiak is hit by Daniel O'regan.
16:12 of 3rd period - Icing by Joe Morrow.
16:13 of 3rd period - Matthew Highmore wins face-off versus Roman Horak in Rampage zone.
18:02 of 3rd period - Jamie Oleksiak is hit by Evgeny Kuznetsov and loses puck.
18:52 of 3rd period - Rampage, Ebbe Siönäs is pulled from the net.
19:06 of 3rd period - Dana Tyrell is hit by Martin Hanzal and loses puck.
19:13 of 3rd period - Blake Pietila is hit by Patrick Wiercioch and loses puck.
19:34 of 3rd period - Snap shot by Scott Kosmachuck.
19:34 of 3rd period - Deflect By Blake Pietila.
19:34 of 3rd period - Goal by Scott Kosmachuck - Little Stars : 7 - Rampage : 5.
19:34 of 3rd period - Ebbe Siönäs from Rampage was sent back in the game.
19:35 of 3rd period - Martin Hanzal wins face-off versus Evgeny Kuznetsov in neutral zone.
Goals for this period are 2 for Little Stars vs 2 for Rampage.
Shots for this period are 9 for Little Stars vs 16 for Rampage.